TOP OF THE 1ST |
Salt Lake City Buzz batting - Pitching for Hialeah Dodos : RHP Clint Kirk
|
Pitching: RHP Clint Kirk
|
|
Batting: SHB Oscar Henson
|
0-0: Ball 1-0: Ball 2-0: Fly out, F8 (Flyball, 8RXD, EV 99.4 MPH)
|
Batting: LHB Len Sandison
|
0-0: SINGLE (Groundball, 34D, EV 106.2 MPH)
|
Batting: SHB Gavin Okel
|
0-0: Ball Len Sandison steals 2nd base 1-0: DOUBLE (Line Drive, 9LS, EV 98.1 MPH) Len Sandison scores
|
Batting: RHB Phil McCroskey
|
0-0: Called Strike Gavin Okel steals 3rd base 0-1: Ball 1-1: Ground out 1-3 (Groundball, 13S, EV 68.1 MPH)
|
Batting: LHB Alberto Medellín
|
0-0: Foul Ball, location: 2F 0-1: Foul Ball, location: 2F 0-2: Foul Ball, location: 2F 0-2: Ball 1-2: Ball 2-2: Reached on error, E3 (Groundball, 3L, EV 100.0 MPH) Gavin Okel scores
|
Batting: RHB David Stone
|
0-0: Called Strike 0-1: Ball 1-1: Ground out 3-1 (Groundball, 34S, EV 83.8 MPH)
|
Top of the 1st over - 2 runs, 2 hits, 1 error, 1 left on base; Salt Lake City 2 - Hialeah 0 |
BOTTOM OF THE 1ST |
Hialeah Dodos batting - Pitching for Salt Lake City Buzz : RHP Todd Denton
|
Pitching: RHP Todd Denton
|
|
Batting: RHB Óscar Cardozo
|
0-0: Ball 1-0: Fly out, F8 (Line Drive, 8LM, EV 94.4 MPH)
|
Batting: RHB Nick Harper
|
0-0: Called Strike 0-1: Foul Ball, location: 2F 0-2: Ball 1-2: Foul Ball, location: 2F 1-2: Fly out, F8 (Flyball, 8RS, EV 90.0 MPH)
|
Batting: RHB Woody Maxwell
|
0-0: Fly out, F7 (Flyball, 78S, EV 86.2 MPH)
|
Bottom of the 1st over - 0 runs, 0 hits, 0 errors, 0 left on base; Salt Lake City 2 - Hialeah 0 |
TOP OF THE 2ND |
Salt Lake City Buzz batting - Pitching for Hialeah Dodos : RHP Clint Kirk
|
Batting: RHB Ben Russell
|
0-0: Called Strike 0-1: Called Strike 0-2: Ball 1-2: Ball 2-2: Strikes out swinging, 2-3 out at first.
|
Batting: RHB Cheng-ho Bu
|
0-0: Foul Ball, location: 2F 0-1: Foul Ball, location: 2F 0-2: Foul Ball, location: 2F 0-2: Foul Ball, location: 2F 0-2: Ball 1-2: Fly out, F9 (Flyball, 9S, EV 96.9 MPH)
|
Batting: RHB Jun-soo Yi
|
0-0: Called Strike 0-1: Foul Ball, location: 2F 0-2: Fly out, F9 (Flyball, 9, EV 74.4 MPH)
|
Top of the 2nd over - 0 runs, 0 hits, 0 errors, 0 left on base; Salt Lake City 2 - Hialeah 0 |
BOTTOM OF THE 2ND |
Hialeah Dodos batting - Pitching for Salt Lake City Buzz : RHP Todd Denton
|
Batting: RHB Juan Oleastro
|
0-0: Foul Ball, location: 2F 0-1: Ball 1-1: Called Strike 1-2: Fly out, F9 (Line Drive, 9, EV 101.9 MPH)
|
Batting: RHB Jesús Gómez
|
0-0: Foul Ball, location: 2F 0-1: Foul Ball, location: 2F 0-2: Foul Ball, location: 2F 0-2: Ball 1-2: SOLO HOME RUN (Line Drive, 7D, EV 95.6 MPH), Distance : 376 ft
|
Batting: RHB Mulia Muljana
|
0-0: Ball 1-0: Fly out, F2 (Popup, 25F, EV 79.4 MPH)
|
Batting: RHB Dan Pike
|
0-0: Ball 1-0: Ball 2-0: Ball 3-0: Foul Ball, location: 2F 3-1: Fly out, F8 (Flyball, 8RS, EV 89.4 MPH)
|
Bottom of the 2nd over - 1 run, 1 hit, 0 errors, 0 left on base; Salt Lake City 2 - Hialeah 1 |
TOP OF THE 3RD |
Salt Lake City Buzz batting - Pitching for Hialeah Dodos : RHP Clint Kirk
|
Batting: SHB Oscar Henson
|
0-0: Ball 1-0: Ball 2-0: Ball 3-0: Base on Balls
|
Batting: LHB Len Sandison
|
0-0: Called Strike 0-1: Ball 1-1: Ball 2-1: Fly out, F9 (Flyball, 9LM, EV 96.2 MPH)
|
Batting: SHB Gavin Okel
|
0-0: Ball Oscar Henson is caught stealing 2nd base 2-6 1-0: Called Strike 1-1: Called Strike 1-2: Strikes out swinging
|
Top of the 3rd over - 0 runs, 0 hits, 0 errors, 0 left on base; Salt Lake City 2 - Hialeah 1 |
BOTTOM OF THE 3RD |
Hialeah Dodos batting - Pitching for Salt Lake City Buzz : RHP Todd Denton
|
Batting: LHB Keith Pick
|
0-0: Ball 1-0: Ground out U3 (Groundball, 3L, EV 83.8 MPH)
|
Batting: RHB Roberto González
|
0-0: Ball 1-0: Called Strike 1-1: Ground out 6-3 (Groundball, 6, EV 93.1 MPH)
|
Batting: RHB Óscar Cardozo
|
0-0: Foul Ball, location: 2F 0-1: Fly out, F8 (Flyball, 89D, EV 90.6 MPH)
|
Bottom of the 3rd over - 0 runs, 0 hits, 0 errors, 0 left on base; Salt Lake City 2 - Hialeah 1 |
TOP OF THE 4TH |
Salt Lake City Buzz batting - Pitching for Hialeah Dodos : RHP Clint Kirk
|
Batting: RHB Phil McCroskey
|
0-0: Called Strike 0-1: Foul Ball, location: 2F 0-2: Strikes out looking
|
Batting: LHB Alberto Medellín
|
0-0: Fly out, F4 (Popup, 23, EV 86.2 MPH)
|
Batting: RHB David Stone
|
0-0: Fly out, F6 (Flyball, 6D, EV 87.5 MPH)
|
Top of the 4th over - 0 runs, 0 hits, 0 errors, 0 left on base; Salt Lake City 2 - Hialeah 1 |
BOTTOM OF THE 4TH |
Hialeah Dodos batting - Pitching for Salt Lake City Buzz : RHP Todd Denton
|
Batting: RHB Nick Harper
|
0-0: Ball 1-0: Foul Ball, location: 2F 1-1: Fly out, F6 (Line Drive, 6, EV 67.5 MPH)
|
Batting: RHB Woody Maxwell
|
0-0: Called Strike 0-1: Ball 1-1: Foul Ball, location: 2F 1-2: Foul Ball, location: 2F 1-2: Fly out, F7 (Flyball, 7D, EV 105.0 MPH)
|
Batting: RHB Juan Oleastro
|
0-0: Ball 1-0: Fly out, F7 (Flyball, 7, EV 90.0 MPH)
|
Bottom of the 4th over - 0 runs, 0 hits, 0 errors, 0 left on base; Salt Lake City 2 - Hialeah 1 |
TOP OF THE 5TH |
Salt Lake City Buzz batting - Pitching for Hialeah Dodos : RHP Clint Kirk
|
Batting: RHB Ben Russell
|
0-0: Called Strike 0-1: Foul Ball, location: 2F 0-2: Ground out 5-3 (Groundball, 5S, EV 86.9 MPH)
|
Batting: RHB Cheng-ho Bu
|
0-0: Called Strike 0-1: Ground out 6-3 (Groundball, 6, EV 81.2 MPH)
|
Batting: RHB Jun-soo Yi
|
0-0: Called Strike 0-1: Ball 1-1: Swinging Strike 1-2: Ground out U3 (Groundball, 3L, EV 89.4 MPH)
|
Top of the 5th over - 0 runs, 0 hits, 0 errors, 0 left on base; Salt Lake City 2 - Hialeah 1 |
BOTTOM OF THE 5TH |
Hialeah Dodos batting - Pitching for Salt Lake City Buzz : RHP Todd Denton
|
Batting: RHB Jesús Gómez
|
0-0: Ball 1-0: Foul Ball, location: 2F 1-1: Swinging Strike 1-2: SINGLE (Groundball, 4MD, EV 110.6 MPH)
|
Batting: RHB Mulia Muljana
|
0-0: Called Strike 0-1: SINGLE (Groundball, 34D, EV 107.5 MPH) Jesús Gómez to second Runner from 2nd tries for 3rd, SAFE, throw by RF made to third
|
Batting: RHB Dan Pike
|
0-0: Ball 1-0: Foul Ball, location: 2F 1-1: Ball 2-1: Swinging Strike 2-2: Fly out, F8 (Flyball, 8LXD, EV 97.5 MPH) Runner from 3rd tags up, SCORES, no throw by CF
|
Batting: LHB Keith Pick
|
0-0: Called Strike 0-1: Ball 1-1: Foul Ball, location: 2F 1-2: Foul Ball, location: 2F 1-2: Ball 2-2: Foul Ball, location: 2F 2-2: Foul Ball, location: 2F 2-2: Fly out, F8 (Flyball, 8LD, EV 95.0 MPH)
|
Batting: RHB Roberto González
|
0-0: Called Strike 0-1: Fly out, F7 (Flyball, 78D, EV 100.0 MPH)
|
Bottom of the 5th over - 1 run, 2 hits, 0 errors, 1 left on base; Salt Lake City 2 - Hialeah 2 |
TOP OF THE 6TH |
Salt Lake City Buzz batting - Pitching for Hialeah Dodos : RHP Clint Kirk
|
Batting: SHB Oscar Henson
|
0-0: Ball 1-0: Ball 2-0: Called Strike 2-1: Called Strike 2-2: Ball 3-2: Foul Ball, location: 2F 3-2: Foul Ball, location: 2F 3-2: DOUBLE (Line Drive, 78D, EV 106.9 MPH)
|
Batting: LHB Len Sandison
|
0-0: Ground out 4-3 (Groundball, 34, EV 105.0 MPH) Oscar Henson to third
|
Batting: SHB Gavin Okel
|
0-0: Intentional Walk
|
Batting: RHB Phil McCroskey
|
0-0: Ball Gavin Okel steals 2nd base (no throw) 1-0: Foul Ball, location: 2F 1-1: Foul Ball, location: 2F 1-2: Ball 2-2: SINGLE (Line Drive, 7LS, EV 99.4 MPH) Oscar Henson scores Gavin Okel to third Runner from 3rd tries for Home, SAFE, throw by LF to home Phil McCroskey to second
|
Batting: LHB Alberto Medellín
|
0-0: Intentional Walk
|
Batting: RHB David Stone
|
0-0: Called Strike 0-1: Swinging Strike 0-2: Ball 1-2: Ball 2-2: Strikes out swinging
|
Batting: RHB Ben Russell
|
0-0: Called Strike 0-1: Ball 1-1: Ball 2-1: Foul Ball, location: 2F 2-2: Fly out, F8 (Flyball, 78XD, EV 107.5 MPH)
|
Top of the 6th over - 2 runs, 2 hits, 0 errors, 2 left on base; Salt Lake City 4 - Hialeah 2 |
BOTTOM OF THE 6TH |
Hialeah Dodos batting - Pitching for Salt Lake City Buzz : RHP Todd Denton
|
Batting: RHB Óscar Cardozo
|
0-0: DOUBLE (Line Drive, 5D, EV 100.0 MPH)
|
Batting: RHB Nick Harper
|
0-0: Ball 1-0: Ball 2-0: Swinging Strike 2-1: Ball 3-1: Swinging Strike 3-2: Base on Balls
|
Batting: RHB Woody Maxwell
|
0-0: Fly out, F7 (Flyball, 7D, EV 95.6 MPH)
|
Batting: RHB Juan Oleastro
|
0-0: Ball 1-0: Swinging Strike 1-1: Fly out, F8 (Flyball, 8RS, EV 88.1 MPH)
|
Batting: RHB Jesús Gómez
|
0-0: Ball 1-0: Ball 2-0: Foul Ball, location: 2F 2-1: Ball 3-1: SINGLE (Groundball, 34D, EV 96.2 MPH) Óscar Cardozo to third Nick Harper to second Runner from 3rd tries for Home, SAFE, throw by RF to home
|
Pitching: RHP Gary Podell
|
|
Batting: RHB Mulia Muljana
|
0-0: Ball 1-0: Ball 2-0: Ball 3-0: Foul Ball, location: 2F 3-1: Foul Ball, location: 2F 3-2: SINGLE (Groundball, 34, EV 101.2 MPH) Nick Harper to third Jesús Gómez to second Nick Harper scores Jesús Gómez to third
|
Batting: RHB Dan Pike
|
0-0: Ball 1-0: Swinging Strike 1-1: Foul Ball, location: 2F 1-2: Strikes out swinging
|
Bottom of the 6th over - 2 runs, 3 hits, 0 errors, 2 left on base; Salt Lake City 4 - Hialeah 4 |
TOP OF THE 7TH |
Salt Lake City Buzz batting - Pitching for Hialeah Dodos : RHP Clint Kirk
|
Batting: RHB Cheng-ho Bu
|
0-0: Ball 1-0: Fly out, F7 (Flyball, 78S, EV 90.6 MPH)
|
Batting: RHB Jun-soo Yi
|
0-0: Ball 1-0: Foul Ball, location: 2F 1-1: Swinging Strike 1-2: Strikes out swinging
|
Batting: SHB Oscar Henson
|
0-0: Ball 1-0: Foul Ball, location: 2F 1-1: Reached on error, E6 (Groundball, 6, EV 86.2 MPH)
|
Pitching: RHP Ed Abood
|
|
Batting: LHB Len Sandison
|
0-0: Ball 1-0: Called Strike 1-1: Foul Ball, location: 2F 1-2: Ball 2-2: Ball 3-2: Base on Balls Oscar Henson to second
|
Batting: SHB Gavin Okel
|
0-0: SINGLE (Line Drive, 9S, EV 105.6 MPH) Oscar Henson to third Len Sandison to second
|
Batting: RHB Phil McCroskey
|
0-0: Fielders Choice at 2nd, 6-4 (Groundball, 6D, EV 106.9 MPH)
|
Top of the 7th over - 0 runs, 1 hit, 1 error, 3 left on base; Salt Lake City 4 - Hialeah 4 |
BOTTOM OF THE 7TH |
Hialeah Dodos batting - Pitching for Salt Lake City Buzz : RHP Gary Podell
|
Batting: LHB Keith Pick
|
0-0: Foul Ball, location: 2F 0-1: Swinging Strike 0-2: Ball 1-2: Foul Ball, location: 2F 1-2: Ball 2-2: Ball 3-2: Strikes out swinging
|
Batting: RHB Roberto González
|
0-0: Called Strike 0-1: Ball 1-1: Ball 2-1: Ball 3-1: Foul Ball, location: 2F 3-2: Foul Ball, location: 2F 3-2: Foul Ball, location: 2F 3-2: Ground out 6-3 (Groundball, 6, EV 83.8 MPH)
|
Batting: RHB Óscar Cardozo
|
0-0: Ball 1-0: Ball 2-0: Called Strike 2-1: Foul Ball, location: 2F 2-2: Foul Ball, location: 2F 2-2: Foul Ball, location: 2F 2-2: Ball 3-2: Fly out, F9 (Flyball, 9S, EV 85.0 MPH)
|
Bottom of the 7th over - 0 runs, 0 hits, 0 errors, 0 left on base; Salt Lake City 4 - Hialeah 4 |
TOP OF THE 8TH |
Salt Lake City Buzz batting - Pitching for Hialeah Dodos : RHP Ed Abood
|
Batting: LHB Alberto Medellín
|
0-0: Called Strike 0-1: Ball 1-1: Called Strike 1-2: Strikes out looking
|
Batting: RHB David Stone
|
0-0: Called Strike 0-1: Swinging Strike 0-2: SINGLE (Line Drive, 4MD, EV 100.0 MPH)
|
Batting: RHB Ben Russell
|
0-0: Ball 1-0: Called Strike 1-1: Swinging Strike 1-2: Foul Ball, location: 2F 1-2: Foul Ball, location: 2F 1-2: Foul Ball, location: 2F 1-2: Strikes out swinging
|
Batting: RHB Cheng-ho Bu
|
0-0: Called Strike 0-1: Swinging Strike 0-2: Ball 1-2: Foul Ball, location: 2F 1-2: Strikes out looking
|
Top of the 8th over - 0 runs, 1 hit, 0 errors, 1 left on base; Salt Lake City 4 - Hialeah 4 |
BOTTOM OF THE 8TH |
Hialeah Dodos batting - Pitching for Salt Lake City Buzz : RHP Gary Podell
|
Batting: RHB Nick Harper
|
0-0: Ball 1-0: Called Strike 1-1: Swinging Strike 1-2: Strikes out looking
|
Pinch Hitting: LHB Asberry Harpending
|
0-0: Ground out 6-3 (Groundball, 56, EV 77.5 MPH)
|
Batting: RHB Juan Oleastro
|
0-0: Ball 1-0: Ball 2-0: Ball 3-0: SINGLE (Flyball, 6D, EV 88.1 MPH)
|
Batting: RHB Jesús Gómez
|
0-0: Foul Ball, location: 2F 0-1: Ball 1-1: Foul Ball, location: 2F 1-2: Ball 2-2: Fielders Choice at 2nd, 5-4 (Groundball, 56, EV 78.8 MPH)
|
Bottom of the 8th over - 0 runs, 1 hit, 0 errors, 1 left on base; Salt Lake City 4 - Hialeah 4 |
TOP OF THE 9TH |
Salt Lake City Buzz batting - Pitching for Hialeah Dodos : RHP Ed Abood
|
Now at 3B: Charles Josse
|
|
Pinch Hitting: LHB Doyle Berkey
|
0-0: Ball 1-0: Foul Ball, location: 2F 1-1: Ball 2-1: Called Strike 2-2: Foul Ball, location: 2F 2-2: Strikes out looking
|
Batting: SHB Oscar Henson
|
0-0: Fly out, F7 (Flyball, 7D, EV 91.9 MPH)
|
Batting: LHB Len Sandison
|
0-0: Ground out 1-3 (Groundball, 15S, EV 61.9 MPH)
|
Top of the 9th over - 0 runs, 0 hits, 0 errors, 0 left on base; Salt Lake City 4 - Hialeah 4 |
BOTTOM OF THE 9TH |
Hialeah Dodos batting - Pitching for Salt Lake City Buzz : RHP Gary Podell
|
Now at C: Mark Quaintance
|
|
Batting: RHB Mulia Muljana
|
0-0: Called Strike 0-1: Ball 1-1: Ball 2-1: Foul Ball, location: 2F 2-2: SOLO HOME RUN (Flyball, 7D, EV 99.4 MPH), Distance : 371 ft
|
Bottom of the 9th over - 1 run, 1 hit, 0 errors, 0 left on base; Salt Lake City 4 - Hialeah 5 |
|
Game Over ... Hialeah defeats Salt Lake City, 5 to 4
|
|
|